 Dungeon Crawl Stone Soup version 0.24-a0-170-gd8427f5 (webtiles) character file.

Game seed: 14013948089952466188

40817 JimmahDean the Destroyer (level 13, -3/80 HPs)
             Began as a Deep Elf Conjurer on Mar 8, 2019.
             Was an Elder of Vehumet.
             Slain by an entropy weaver
             ... wielding a +0 falchion
              (14 damage)
             ... on level 6 of the Lair of Beasts on Mar 9, 2019.
             The game lasted 01:18:01 (24626 turns).

JimmahDean the Destroyer (Deep Elf Conjurer)       Turns: 24626, Time: 01:18:02

Health: -3/80      AC: 10    Str:  8    XL:     13   Next: 76%
Magic:  14/29      EV: 16    Int: 25    God:    Vehumet [****..]
Gold:   859        SH:  8    Dex: 15    Spells: 10/32 levels left

rFire    + . .     SeeInvis +   A - +9 rapier of Cumiqiov {pierce, Str+2}
rCold    + . .     Gourm    .   s - +0 buckler
rNeg     . . .     Faith    .   x - +2 robe {rC+}
rPois    .         Spirit   .   (no helmet)
rElec    .         Reflect  +   (no cloak)
rCorr    .         Harm     .   L - +2 pair of gloves
MR       +....                  K - +2 pair of boots
Stlth    +++.......             w - +3 amulet of reflection
HPRegen  0.23/turn              D - ring of protection from fire
MPRegen  0.21/turn              o - ring of see invisible

@: no status effects
A: no striking features
a: Renounce Religion


You were on level 6 of the Lair of Beasts.
You worshipped Vehumet.
Vehumet was greatly pleased with you.
You were hungry.

You visited 3 branches of the dungeon, and saw 18 of its levels.
You also visited: Ossuary and Gauntlet.

You collected 995 gold pieces.
You spent 136 gold pieces at shops.

Inventory:

Hand Weapons
 A - the +9 rapier of Cumiqiov (weapon) {pierce, Str+2}
   (You found it on level 10 of the Dungeon)

   It inflicts extra damage upon your enemies.
   It affects your strength (+2).
 N - the +10 fustibalus of the Past {velocity, rPois rC+ Str+2 Int-5, unknown}
   (You found it on level 4 of the Lair of Beasts)

   Any stone fired from it inflicts extra damage.
   It affects your strength (+2).
   It affects your intelligence (-5).
   It protects you from cold.
   It protects you from poison.
Armour
 s - a +0 buckler (worn)
 x - a +2 robe of cold resistance (worn)
 K - a +2 pair of boots (worn)
 L - a +2 pair of gloves (worn)
Jewellery
 g - an uncursed ring of fire
 o - a ring of see invisible (right hand)
 q - an uncursed ring of stealth
 w - a +3 amulet of reflection (around neck)
 D - a ring of protection from fire (left hand)
 F - an uncursed ring of protection from fire
 M - an uncursed ring of flight
 O - an uncursed ring of positive energy
 R - a cursed -3 ring of dexterity {unknown}
Wands
 a - a wand of scattershot (14)
 B - a wand of acid (6)
 E - a wand of polymorph (10)
Scrolls
 d - 7 scrolls of remove curse {@r2}
 e - 4 scrolls of enchant armour
 f - 3 scrolls of fog {@r3}
 h - 5 scrolls of immolation {!r}
 l - a scroll of torment {unknown}
 m - 7 scrolls of teleportation {@r4}
 p - 4 scrolls of enchant weapon
 y - 3 scrolls of fear
 z - 2 scrolls of blinking {unknown}
 Q - a scroll of holy word {unknown}
Potions
 b - 5 potions of brilliance
 i - 7 potions of curing {@q1}
 j - 9 potions of agility
 k - a potion of berserk rage {unknown}
 n - 2 potions of mutation {!q}
 r - 5 potions of might
 t - a potion of haste {unknown}
 u - 5 potions of degeneration {!q}
 v - a potion of ambrosia {unknown}
 C - 3 potions of resistance
 G - 2 potions of flight {unknown}
 H - a potion of magic {unknown}
 I - 2 potions of heal wounds {unknown}
 J - 2 potions of lignification {unknown}
Miscellaneous
 P - a lamp of fire
Comestibles
 c - 24 rations {@e1}
 S - a chunk of flesh


   Skills:
 - Level 9.1 Fighting
 - Level 10.0 Short Blades
 - Level 6.0 Dodging
 - Level 5.0 Stealth
 - Level 4.0 Shields
 - Level 10.1 Spellcasting
 + Level 14.7 Conjurations
 - Level 5.1 Hexes
 - Level 7.3 Necromancy
 - Level 4.1 Poison Magic
 - Level 3.5 Evocations


You had 10 spell levels left.
You knew the following spells:

 Your Spells              Type           Power        Failure   Level  Hunger
a - Magic Dart            Conj           ####         0%          1    None
b - Searing Ray           Conj           ######       0%          2    None
c - Bolt of Draining      Conj/Necr      ######....   1%          5    ####...
d - Iskenderun's Mystic   Conj           ######..     1%          4    None
D - Dazzling Spray        Conj/Hex       ######       1%          3    None
F - Fulminant Prism       Conj/Hex       ######....   1%          4    None
M - Mephitic Cloud        Conj/Pois/Air  #####...     1%          3    None

Your spell library contained the following spells:

 Spells                   Type           Power        Failure   Level  Hunger
 Lee's Rapid Deconstruct  Erth           ##........   32%         5    ####...
 Confusing Touch          Hex            #####.       1%          1    None
 Confuse                  Hex            #####...     1%          3    None
 Force Lance              Conj/Tloc      #####...     1%          4    None
 Yara's Violent Unravell  Hex/Tmut       ####......   13%         5    ####...
 Gell's Gravitas          Tloc           ##........   14%         3    None
 Petrify                  Tmut/Erth      ##......     43%         4    None
 Metabolic Englaciation   Hex/Ice        ####......   43%         5    ####...


Dungeon Overview and Level Annotations

Branches:
Dungeon (11/15)            Temple (1/1) D:5            Lair (6/6) D:9
 Shoals (0/4) Lair:2       Spider (0/4) Lair:3        Slime (0/5) Lair:5
    Orc (0/2) D:9

Altars:
Ashenzari
Cheibriados
Dithmenos
Elyvilon
Fedhas
Gozag
Hepliaklqana
Kikubaaqudgha
Makhleb
Nemelex Xobeh
Okawaru
Qazlal
Ru
Sif Muna
Trog
Uskayaw
Vehumet
Wu Jian
Xom
Yredelemnul
Zin
The Shining One
Jiyva

Shops:
D:6 ?

Annotations:
D:2 Sigmund
Lair:5 exclusion: downstairs


Message History

The entropy weaver barely misses you.
You take 11 damage, and have 41/80 hp.
You now have 24/29 mp.
Aim: an entropy weaver, wielding a +0 falchion The bolt of negative energy misses the entropy weaver.
The entropy weaver hits you but does no damage.
The entropy weaver closely misses you.
The entropy weaver hits you with a +0 falchion!
* * * LOW HITPOINT WARNING * * *
The entropy weaver hits you with a +0 falchion!
* * * LOW HITPOINT WARNING * * *
You take 18 damage, and have 23/80 hp.
MASSIVE DAMAGE!!
You now have 19/29 mp.
Aim: an entropy weaver, wielding a +0 falchion The bolt of negative energy hits the entropy weaver!!
The entropy weaver is drained!
You are feeling hungry.
You block the entropy weaver's attack.
The entropy weaver hits you with a +0 falchion!
* * * LOW HITPOINT WARNING * * *
The entropy weaver hits you with a +0 falchion!
You die...

#.....###P..#.#.....PP...##..P...
.#.....###..........P#..####P...P
......##...##.##.........# #.....
......##......PP...##...#####....
..<...###...........###...##.....
#......##.....#.....##...####...(
##.....##.P..###...###....##....#
#......#..#####.a..# #####.#..a.#
........P.P...#.@..## #######....
....................###P#####....
....................#P...#.##....
.................................
.................................
......................≈..≈.....≈.
.........#.#.........##≈≈##≈≈.#≈≈
P#.....#.##.###......##≈≈.#≈≈.#≈≈
≈##.....########....≈≈≈≈≈≈≈≈≈≈≈≈≈


You could see an entropy weaver.

Vanquished Creatures
  Kirke (Lair:4)
  An entropy weaver (Lair:5)
  A dire elephant (Lair:6)
  Snorg (Lair:4)
  7 hydras
  Erica (D:9)
  2 unseen horrors
  A sea snake (Lair:6)
  A harpy (Lair:6)
  2 elephants (Lair:6)
  2 black mambas
  A centaur skeleton (D:10)
  10 spiny frogs
  4 rime drakes
  7 komodo dragons
  8 polar bears
  A hornet (Lair:6)
  4 hippogriffs
  5 blink frogs
  5 dream sheep (Lair:6)
  2 wyverns
  A basilisk (Lair:5)
  9 hogs
  A human (D:7)
  3 hungry ghosts
  23 yaks
  2 wargs (D:9)
  18 soldier ants
  12 water moccasins
  8 orc warriors
  10 porcupines
  2 ice beasts
  A black bear (D:9)
  A necrophage (D:9)
  2 phantoms
  4 ogres
  8 centaurs
  16 crocodiles
  2 big kobolds
  14 bullfrogs
  12 scorpions
  A killer bee (D:11)
  3 wights (D:6)
  3 howler monkeys
  2 electric eels (D:9)
  5 crimson imps
  3 bullfrog zombies
  2 centaur zombies (Ossuary)
  A human zombie (Ossuary)
  5 hounds
  2 jellies
  8 orc priests
  A bullfrog skeleton (D:8)
  An iguana (D:4)
  6 orc wizards (D:9)
  21 worker ants
  7 hell rats
  A big kobold zombie (Ossuary)
  3 mummies (Ossuary)
  4 gnolls (D:5)
  3 scorpion zombies (Ossuary)
  9 adders
  3 adder skeletons
  5 worms
  4 dart slugs
  6 leopard geckos
  34 orcs
  6 bats
  A giant cockroach (D:4)
  4 hobgoblins
  13 jackals
  3 quokkas
  A ball python (D:3)
  4 frilled lizards
  A giant cockroach zombie (D:5)
  3 gnoll zombies (Ossuary)
  5 goblins
  2 goblin zombies (Ossuary)
  2 hobgoblin zombies (Ossuary)
  16 kobolds
  A leopard gecko skeleton (D:7)
  An orc zombie (Ossuary)
  3 rats
425 creatures vanquished.

Vanquished Creatures (others)
  Joseph (Lair:1)
  A hippogriff (D:9)
  An orc wizard (D:9)
  A worker ant (Lair:6)
  2 orcs (D:9)
  A jackal (D:9)
  28 fulminant prisms
  29 fungi
  25 plants
  2 withered plants (Gauntlet)
91 creatures vanquished.

Grand Total: 516 creatures vanquished

Notes
Turn   | Place    | Note
-------+----------+-------------------------------------------
     0 | D:1      | JimmahDean the Deep Elf Conjurer began the quest for the
                  | Orb.
     0 | D:1      | Reached XP level 1. HP: 10/10 MP: 6/6
   311 | D:1      | Reached XP level 2. HP: 10/15 MP: 2/8
   505 | D:1      | Learned a level 2 spell: Searing Ray
   673 | D:1      | Reached skill level 5 in Conjurations
  1259 | D:2      | Reached XP level 3. HP: 19/19 MP: 7/9
  1830 | D:2      | Noticed Sigmund
  1917 | D:2      | Found a bloodstained altar of Trog.
  1954 | D:2      | Reached skill level 6 in Conjurations
  2194 | D:3      | Reached XP level 4. HP: 23/24 MP: 4/10
  2629 | D:3      | Learned a level 4 spell: Fulminant Prism
  3059 | D:4      | Reached XP level 5. HP: 27/28 MP: 6/12
  3354 | D:4      | Noticed an ogre
  3363 | D:4      | Killed an ogre
  3363 | D:4      | Reached skill level 7 in Conjurations
  3373 | D:4      | Reached XP level 6. HP: 32/32 MP: 5/14
  3868 | D:5      | Entered Level 5 of the Dungeon
  4039 | D:5      | Found a glowing golden altar of the Shining One.
  4110 | D:5      | Got an ivory dagger
  4111 | D:5      | Identified the +10 dagger of the Eternal Warrior {flame,
                  | MR+} (You found it on level 5 of the Dungeon)
  4247 | D:5      | Found a staircase to the Ecumenical Temple.
  4273 | Temple   | Entered the Ecumenical Temple
  4337 | Temple   | Became a worshipper of Vehumet
  4361 | D:5      | Reached skill level 1 in Shields
  4405 | D:5      | Reached XP level 7. HP: 34/36 MP: 5/15
  4894 | D:6      | Reached skill level 8 in Conjurations
  5006 | D:6      | Found a bloodstained altar of Trog.
  5006 | D:6      | Found a deep blue altar of Sif Muna.
  5007 | D:6      | Found a burning altar of Makhleb.
  5007 | D:6      | Found a snail-covered altar of Cheibriados.
  5184 | D:6      | Reached XP level 8. HP: 41/41 MP: 11/16
  5247 | D:6      | Reached skill level 5 in Hexes
  5691 | D:6      | Found Jolutugo's Magic Scroll Shop.
  5694 | D:6      | Bought a scroll of identify for 26 gold pieces
  5694 | D:6      | Bought a scroll of identify for 26 gold pieces
  5694 | D:6      | Bought a scroll of teleportation for 39 gold pieces
  5694 | D:6      | Bought a scroll of magic mapping for 45 gold pieces
  5851 | D:6      | Reached skill level 5 in Spellcasting
  6007 | D:6      | Reached skill level 9 in Conjurations
  6540 | D:6      | Reached skill level 1 in Fighting
  6842 | D:7      | Reached * piety under Vehumet
  6842 | D:7      | Offered knowledge of Flame Tongue by Vehumet.
  6908 | D:7      | Found a sand-covered staircase.
  6914 | Ossuary  | Entered an ossuary
  7042 | Ossuary  | Reached XP level 9. HP: 50/50 MP: 12/20
  7114 | Ossuary  | Reached skill level 5 in Stealth
  7637 | Ossuary  | Reached skill level 10 in Conjurations
  8033 | D:7      | Reached ** piety under Vehumet
  8033 | D:7      | Offered knowledge of Sting by Vehumet.
  8175 | D:7      | Reached skill level 11 in Conjurations
  8256 | D:7      | Learned a level 4 spell: Iskenderun's Mystic Blast
  8513 | D:8      | Found a blossoming altar of Fedhas.
  8626 | D:8      | Learned a level 3 spell: Dazzling Spray
  8651 | D:8      | Found an ancient bone altar of Kikubaaqudgha.
  8797 | D:9      | Noticed Erica
  8813 | D:8      | Reached XP level 10. HP: 38/58 MP: 15/21
  8947 | D:9      | Reached skill level 5 in Fighting
  9011 | D:9      | Reached skill level 1 in Short Blades
  9160 | D:9      | Offered knowledge of Stone Arrow by Vehumet.
  9357 | D:9      | Found a staircase to the Lair.
  9766 | D:9      | Reached *** piety under Vehumet
  9808 | D:9      | Reached skill level 1 in Evocations
  9980 | D:9      | Offered knowledge of Mephitic Cloud by Vehumet.
  9985 | D:9      | Learned a level 3 spell: Mephitic Cloud
 10110 | D:9      | Reached skill level 5 in Short Blades
 10430 | D:9      | Found a stormy altar of Qazlal.
 10683 | D:9      | Killed Erica
 10978 | D:9      | Found a staircase to the Orcish Mines.
 11258 | D:10     | Entered Level 10 of the Dungeon
 11307 | D:10     | Reached **** piety under Vehumet
 11448 | D:10     | Noticed an unseen horror
 11456 | D:10     | Killed an unseen horror
 11460 | D:10     | Got a faintly glowing rapier
 11464 | D:10     | Offered knowledge of Bolt of Draining by Vehumet.
 11471 | D:10     | Identified the +9 rapier of Cumiqiov {pierce, Str+2} (You
                  | found it on level 10 of the Dungeon)
 11575 | D:10     | Found a bloodstained altar of Trog.
 11583 | D:10     | Learned a level 5 spell: Bolt of Draining
 11593 | D:10     | Reached XP level 11. HP: 45/63 MP: 12/23
 12145 | D:11     | Noticed an unseen horror
 12150 | D:11     | Killed an unseen horror
 12353 | D:11     | Reached skill level 1 in Necromancy
 12353 | D:11     | Reached skill level 1 in Poison Magic
 12381 | D:11     | Noticed a white ugly thing
 12403 | Lair:1   | Entered Level 1 of the Lair of Beasts
 12802 | Lair:1   | Noticed an eight-headed hydra
 12803 | Lair:1   | Noticed Joseph
 12837 | Lair:1   | Killed an eight-headed hydra
 13071 | Lair:1   | Killed Joseph
 14433 | Lair:2   | Reached skill level 12 in Conjurations
 14586 | Lair:2   | Reached XP level 12. HP: 72/72 MP: 21/26
 15106 | Lair:2   | Found a staircase to the Shoals.
 16052 | Lair:2   | Reached skill level 13 in Conjurations
 16231 | Lair:3   | Reached ***** piety under Vehumet
 16231 | Lair:3   | Reached skill level 5 in Necromancy
 16368 | Lair:3   | Found a hole to the Spider Nest.
 16861 | Lair:3   | Noticed a six-headed hydra
 16876 | Lair:3   | Killed a six-headed hydra
 17086 | Lair:3   | Noticed a seven-headed hydra
 17095 | Lair:3   | Killed a seven-headed hydra
 17897 | Lair:4   | Reached skill level 10 in Spellcasting
 18132 | Lair:4   | Noticed Snorg
 18442 | Lair:4   | Got a steaming fustibalus
 18443 | Lair:4   | Noticed Kirke
 18676 | Lair:4   | Killed Kirke
 18933 | Lair:4   | Killed Snorg
 18992 | Lair:5   | Noticed a four-headed hydra
 19001 | Lair:5   | Noticed an eight-headed hydra
 19011 | Lair:5   | Killed an eight-headed hydra
 19107 | Lair:5   | Offered knowledge of Lee's Rapid Deconstruction by Vehumet.
 19114 | Lair:5   | Noticed a six-headed hydra
 19117 | Lair:5   | Killed a six-headed hydra
 19133 | Lair:5   | Found a gate leading to a gauntlet.
 19199 | Gauntlet | Entered a Gauntlet
 19199 | Gauntlet | Found a transporter.
 19199 | Gauntlet | Found a transporter.
 19204 | Gauntlet | Found a transporter.
 19219 | Gauntlet | Found a transporter.
 19239 | Gauntlet | Found a transporter.
 19248 | Gauntlet | Found a transporter.
 19264 | Gauntlet | Noticed an entropy weaver
 19265 | Gauntlet | Found a transporter.
 19333 | Gauntlet | Found a transporter.
 19346 | Gauntlet | Found a transporter.
 19348 | Gauntlet | Found a large runed translucent door.
 19348 | Gauntlet | Found a large runed translucent door.
 19349 | Gauntlet | Found a large runed translucent door.
 19349 | Gauntlet | Found a large runed translucent door.
 19350 | Gauntlet | Found a runed translucent door.
 19350 | Gauntlet | Found a large runed translucent door.
 19350 | Gauntlet | Found a large runed translucent door.
 19350 | Gauntlet | Found a runed translucent door.
 19350 | Gauntlet | Found a large runed translucent door.
 19350 | Gauntlet | Found a large runed translucent door.
 19353 | Gauntlet | Found a large runed translucent door.
 19353 | Gauntlet | Found a large runed translucent door.
 19354 | Gauntlet | Found a large runed translucent door.
 19354 | Gauntlet | Found a large runed translucent door.
 19356 | Gauntlet | Found a large runed translucent door.
 19356 | Gauntlet | Found a large runed translucent door.
 19356 | Gauntlet | Found a large runed translucent door.
 19358 | Gauntlet | Found a runed translucent gate.
 19358 | Gauntlet | Found a runed translucent gate.
 19358 | Gauntlet | Found a runed translucent gate.
 19360 | Gauntlet | Found a transporter.
 19371 | Gauntlet | Found a large runed translucent door.
 19373 | Gauntlet | Found a transporter.
 19457 | Gauntlet | Found a transporter.
 19466 | Gauntlet | Noticed a queen ant
 19467 | Gauntlet | Found a transporter.
 19467 | Gauntlet | Found a transporter.
 19477 | Gauntlet | Found a transporter.
 19511 | Gauntlet | Found a transporter.
 19652 | Lair:5   | Found a viscous altar of Jiyva.
 19652 | Lair:5   | Found a staircase to the Slime Pits.
 19659 | Lair:5   | Reached XP level 13. HP: 78/80 MP: 19/29
 20534 | Lair:6   | Entered Level 6 of the Lair of Beasts
 21068 | Lair:6   | Reached skill level 10 in Short Blades
 21236 | Lair:6   | Noticed a dire elephant
 21237 | Lair:6   | Noticed an entropy weaver
 21459 | Lair:6   | Reached skill level 5 in Dodging
 22317 | Lair:6   | Noticed an entropy weaver
 22344 | Lair:5   | Upgraded the game from 0.24-a0-169-g71aafec to
                  | 0.24-a0-170-gd8427f5
 22384 | Lair:5   | Killed an entropy weaver
 23446 | Lair:6   | Killed a dire elephant
 23616 | Lair:6   | Reached skill level 14 in Conjurations
 24626 | Lair:6   | Slain by an entropy weaver

Levels and vault maps discovered:
D:1:      dpeg_arrival_windows_large_door, layout_loops_ring
D:2:      layout_basic, first_ration, lemuel_tele_altar, uniq_sigmund
D:3:      layout_loops_ring
D:4:      layout_basic
D:5:      layout_gridville, overflow_temple_1_default,
          minmay_temple_entry_overgrown
D:6:      nicolae_whirlpool, layout_basic,
          chequers_temple_overflow_statue_of_worship, serial_shops,
          kennysheep_mini
D:7:      layout_cave_pools, enter_ossuary_2, minmay_misc_feat_pillars,
          grunt_livestock
D:8:      layout_gridville, lemuel_round_altar, lemuel_altar_in_water
D:9:      layout_loops_ring, erik_lair_orcish_takeover, erik_orc_2,
          grunt_qazlal_clouds, uniq_erica
D:10:     layout_loops_ring, basic_altar
D:11:     wad_woods_minihive, layout_cave_pools
Temple:   nicolae_temple_x_marks_the_god
Lair:1:   layout_gridlike, zaba_anthole, grunt_megastairs_5,
          serial_bayou_shore_b, uniq_joseph
Lair:2:   layout_layer_cave, minmay_shoals_entry_centaurs
Lair:3:   layout_small_grid, spider_nest_entry_web_field
Lair:4:   layout_small_grid, uniq_kirke, uniq_snorg
Lair:5:   layout_regular_city, dpeg_slime_entry_enclosed_altar,
          gauntlet_entry_generic, infiniplex_staircase_pool, grunt_megastairs_1
Lair:6:   gammafunk_lair_ancient_temple, layout_regular_city,
          chequers_serial_rivers_large_a, minivault_29
Ossuary:  ossuary_minmay_scorpions
Gauntlet: gammafunk_gauntlet_branching [nicolae_gauntlet_swirl,
          nicolae_gauntlet_arena_x, minmay_gauntlet_arena_make_your_own_arena,
          nicolae_gauntlet_arena_quarters, gammafunk_gauntlet_arena_spirals,
          gammafunk_gauntlet_arena_chambers, gammafunk_gauntlet_arena_mazey,
          gammafunk_gauntlet_arena_grid, nicolae_gauntlet_exit_dead_adventurers]

Skill      XL: |  1  2  3  4  5  6  7  8  9 10 11 12 13 |
---------------+----------------------------------------+-----
Conjurations   | 5 6 7 8 9 11 12 13 14 | 14.7
Spellcasting   | 4 6 7 8 10 | 10.1
Hexes          | 3 4 5 |  5.1
Shields        | 1 3 4 |  4.0
Fighting       | 3 4 5 7 9 |  9.1
Stealth        | 4 5 |  5.0
Dodging        | 4 6 |  6.0
Short Blades   | 8 10 | 10.0
Evocations     | 3 |  3.5
Necromancy     | 4 7 |  7.3
Poison Magic   | 4 |  4.1

Action                   |  1- 3 |  4- 6 |  7- 9 | 10-12 | 13-15 || total
-------------------------+-------+-------+-------+-------+-------++-------
Melee: Short sword       |     2 |       |       |       |       ||     2
       Dagger            |       |       |    30 |    50 |       ||    80
       Rapier            |       |       |       |    63 |    40 ||   103
 Cast: Magic Dart        |    72 |    80 |   196 |   205 |    40 ||   593
       Searing Ray       |     6 |    12 |    51 |    35 |     4 ||   108
       Fulminant Prism   |       |       |     1 |    25 |     2 ||    28
       Iskenderun's Myst |       |       |       |    37 |   115 ||   152
       Mephitic Cloud    |       |       |       |     1 |       ||     1
       Bolt of Draining  |       |       |       |    82 |    70 ||   152
Evoke: Wand              |       |       |     4 |    10 |       ||    14
       Lamp of fire      |       |       |       |     1 |       ||     1
  Use: Scroll            |       |     4 |     6 |    10 |     1 ||    21
       Potion            |       |     1 |       |       |       ||     1
 Stab: Sleeping          |       |       |       |     1 |       ||     1
  Eat: Chunk             |     4 |     7 |    11 |    51 |    18 ||    91
       Ration            |       |       |     1 |     1 |     2 ||     4
Armor: Robe              |     2 |     3 |     8 |    15 |    32 ||    60
Dodge: Dodged            |     9 |     5 |    62 |    96 |    50 ||   222
Block: Buckler           |       |       |    23 |    68 |    42 ||   133
       Reflection        |       |       |       |     9 |     4 ||    13

Table legend:
 A = Non-vault XP
 B = Vault XP
 C = Vault XP percentage of total XP
 D = Non-vault monster count
 E = Vault monster count
 F = Vault count percentage of total count
                 A         B        C        D         E       F
            +---------+---------+-------+---------+---------+-------
      Total |   32822 |   25488 |  43.7 |     287 |     139 |  32.6
            +---------+---------+-------+---------+---------+-------
        D:1 |      34 |       0 |   0.0 |      17 |       0 |   0.0
        D:2 |      55 |       0 |   0.0 |      21 |       0 |   0.0
        D:3 |      84 |       0 |   0.0 |      12 |       0 |   0.0
        D:4 |     436 |       0 |   0.0 |      13 |       0 |   0.0
        D:5 |     231 |       0 |   0.0 |      11 |       0 |   0.0
        D:6 |    1054 |     339 |  24.3 |      23 |       3 |  11.5
        D:7 |     381 |     979 |  72.0 |      17 |       5 |  22.7
        D:8 |    1041 |       0 |   0.0 |      19 |       0 |   0.0
        D:9 |    2178 |    2465 |  53.1 |      31 |      28 |  47.5
       D:10 |    2121 |       0 |   0.0 |      16 |       0 |   0.0
       D:11 |    1188 |      63 |   5.0 |       6 |       1 |  14.3
     Lair:1 |    6627 |     767 |  10.4 |      27 |       6 |  18.2
     Lair:2 |    3569 |     454 |  11.3 |      18 |       4 |  18.2
     Lair:3 |    4628 |       0 |   0.0 |      12 |       0 |   0.0
     Lair:4 |    1194 |    4383 |  78.6 |       6 |       7 |  53.8
     Lair:5 |    4515 |    3374 |  42.8 |      14 |       7 |  33.3
     Lair:6 |    3486 |   11732 |  77.1 |      24 |      50 |  67.6
    Ossuary |       0 |     932 | 100.0 |       0 |      28 | 100.0
            +---------+---------+-------+---------+---------+-------
